 Dungeon Crawl Stone Soup version 0.20-a0-1034-gb277f92 (console) character file.

46 nht the Vexing (level 3, -8/24 HPs)
             Began as a Vampire Enchanter on Apr 21, 2017.
             Was an Initiate of Ashenzari.
             Mangled by a kobold
             ... wielding a +0 short sword of electrocution
              (11 damage)
             ... on level 2 of the Dungeon.
             The game lasted 00:03:09 (751 turns).

nht the Vexing (Vampire Enchanter)                   Turns: 751, Time: 00:03:10

Health: -8/24      AC:  3    Str:  7    XL:     3   Next: 46%
Magic:  2/6        EV: 12    Int: 18    God:    Ashenzari [......]
Gold:   161        SH:  0    Dex: 14    Spells: 3/6 levels left

rFire    . . .     SeeInvis +   i - +2 short sword (drain)
rCold    . . .     Gourm    .   (no shield)
rNeg     . . .     Faith    .   b - +0 robe
rPois    .         Spirit   .   (no helmet)
rElec    .         Reflect  .   (no cloak)
rCorr    .         Harm     .   j - +0 pair of gloves
MR       .....                  (no boots)
Stlth    +++.......             (no amulet)
Regen    0.3/turn               (no ring)
MPRegen  0.1/turn               (no ring)

@: regenerating quickly
A: fangs 3, see invisible, unbreathing
a: Curse Item, Renounce Religion


You were on level 2 of the Dungeon.
You worshipped Ashenzari.
Ashenzari was noncommittal.
You were very full.

You visited 1 branch of the dungeon, and saw 2 of its levels.

You collected 161 gold pieces.

Inventory:

Hand Weapons
 a - a +1 dagger
 i - a +2 short sword of draining (weapon)
Armour
 b - a +0 robe (worn)
 j - a +0 pair of gloves (worn)
Scrolls
 e - 3 scrolls of identify {unknown}
 f - 2 scrolls of teleportation {unknown}
 h - a scroll of magic mapping {unknown}
 k - a scroll of enchant weapon {unknown}
Potions
 d - 2 potions of curing {unknown}
 g - 10 potions of blood
Books
 c - a book of Maledictions

   Spells                             Type                      Level
   a - Corona                         Hexes                        1
   b - Ensorcelled Hibernation        Hexes/Ice                    2
   c - Confuse                        Hexes                        3
   d - Tukima's Dance                 Hexes                        3
   e - Dazzling Spray                 Conjuration/Hexes            3


   Skills:
 * Level 3.3 Short Blades
 - Level 2.1 Dodging
 - Level 4.4 Stealth
 - Level 2.0 Spellcasting
 + Level 5.0 Hexes


You had 3 spell levels left.
You knew the following spells:

 Your Spells              Type           Power        Failure   Level  Hunger
a - Corona                Hex            ###....      2%          1    #......
b - Ensorcelled Hibernat  Hex/Ice        ##....       10%         2    ###....


Dungeon Overview and Level Annotations

Branches:
Dungeon (2/15)

Altars:
Ashenzari


Innate Abilities, Weirdness & Mutations

Your natural rate of healing is unusually fast.
You have razor-sharp teeth.
You have supernaturally acute eyesight. (SInv)
You can survive without breathing.


Message History

* * * LOW HITPOINT WARNING * * *
You are too injured to fight recklessly!
You are too injured to fight recklessly!
Things that are here:
a stone; an uncursed ring mail
Casting: Ensorcelled Hibernation
Confirm with . or Enter, or press ? or * to list all spells.
Aiming: Ensorcelled Hibernation
Press: ? - help, Shift-Dir - straight line, f - kobold
Aim: a kobold, wielding a short sword of electrocution (chance to defeat MR: 59%)
The kobold resists with significant effort.
The kobold closely misses you.
Casting: Ensorcelled Hibernation
Confirm with . or Enter, or press ? or * to list all spells.
Aiming: Ensorcelled Hibernation
Press: ? - help, Shift-Dir - straight line, f/p - kobold
Aim: a kobold, wielding a short sword of electrocution (chance to defeat MR: 59%)
The kobold resists with significant effort.
The kobold hits you but does no damage.
You are electrocuted!
You die...

█...██.███.....█ █.█
██████.███.███.█████ █.█
█.....█ █.....█ █.█
█.███.███.███.█ █.█ █.█
█.....███.██ █.█ █.█
███.████...███.█ █.█
█.███.....██.█ █
███.█████.██.......█.█
.███.█..†(K@..............█
.........████.███.......███
███..........█ ██.....██
███.█.██████ ██...██ █.█.█
██.██ ..█.█ █████████.█
████.. ..$...^...█ ███


███████████ You could see a kobold.

Vanquished Creatures
  An adder (D:2)
  2 giant cockroaches (D:1)
  9 hobgoblins
  4 kobolds (D:1)
  A ball python (D:1)
  5 bats
  2 frilled lizards
  5 goblins
  6 rats
35 creatures vanquished.

Notes
Turn   | Place    | Note
-------+----------+-------------------------------------------
     0 | D:1      | nht the Vampire Enchanter began the quest for the Orb.
     0 | D:1      | Reached XP level 1. HP: 13/13 MP: 3/3
   107 | D:1      | Reached XP level 2. HP: 9/19 MP: 1/5
   155 | D:1      | wtf is this
   158 | D:1      | Learned a level 2 spell: Ensorcelled Hibernation
   446 | D:1      | Reached XP level 3. HP: 24/24 MP: 6/6
   594 | D:2      | Found a shattered altar of Ashenzari.
   615 | D:2      | Reached skill level 5 in Hexes
   620 | D:2      | Became a worshipper of Ashenzari the Shackled
   751 | D:2      | Mangled by a kobold

Vault maps used:
D:1:      lightli_arrival_noodles, grunt_decor_resistance
D:2:      ashenzari_altar_1, nicolae_ru_great_annihilating_truth,
          okawaru_metal_pillars_1_2

Skill      XL: |  1  2  3 |
---------------+----------+-----
Short Blades   | 2 3 |  3.3
Hexes          | 5 |  5.0
Dodging        | |  2.1
Stealth        | |  4.4
Spellcasting   | |  2.0

Action                   || total
-------------------------++-------
Melee: Dagger            ||    58
       Bite              ||     5
       Short sword       ||    27
 Cast: Corona            ||     8
       Ensorcelled Hiber ||    10
  Use: Potion            ||     5
 Stab: Sleeping          ||    10
  Eat: Corpse            ||     4
Armor: Robe              ||    16
Dodge: Dodged            ||    64
